 Seeded DCSS version 0.29.1-15-g9cfb28693d (webtiles) character file.

Game seed: 1099031342628375395 (custom seed)

1 IndexError the Shooter (level 1, 12/12 HPs)
             Began as a Gargoyle Hunter on Mar 7, 2023.
             Was a Follower of Zin.
             Quit the game on level 1 of the Dungeon.
             The game lasted 00:00:24 (86 turns).

IndexError the Shooter (Gargoyle Hunter)              Turns: 86, Time: 00:00:25

Health: 12/12      AC:  5    Str: 14    XL:     1   Next: 20%
Magic:  1/1        EV: 11    Int:  9    God:    Zin [*.....]
Gold:   0          SH:  0    Dex: 13    Spells: 0/0 levels left

rFire   . . .      SeeInvis .   a - +0 shortbow
rCold   . . .      Faith    .   (shield currently unavailable)
rNeg    + . .      Spirit   .   c - +0 leather armour
rPois   ∞          Reflect  .   (no helmet)
rElec   +          Harm     .   (no cloak)
rCorr   .          Rampage  .   (no gloves)
Will    .....                   (no boots)
Stlth   +.........              (no amulet)
HPRegen 0.04/turn               (no ring)
MPRegen 0.07/turn               (no ring)

@: no status effects
A: sickness immunity, AC +2, negative energy resistance 1, electricity
resistance, torment resistance 1, petrification resistance
a: Renounce Religion, Recite, Donate Gold


You were on level 1 of the Dungeon.
You worshipped Zin.
Zin was aware of your devotion.
You visited 1 branch of the dungeon, and saw 1 of its levels.

Inventory:

Hand Weapons
 a - a +0 shortbow (weapon)
Armour
 c - a +0 leather armour (worn)
Scrolls
 b - a scroll of immolation {!r}


   Skills:
 + Level 2.2 Fighting
 * Level 4.0 Ranged Weapons
 - Level 1.5 Dodging
 - Level 1.1 Stealth


You couldn't memorise any spells.
You didn't know any spells.
Your spell library was empty.

Dungeon Overview and Level Annotations

Branches:
Dungeon (1/15)

Altars:
Zin


Innate Abilities, Weirdness & Mutations

You are immune to sickness and miasma.
Your stone body is resilient. (AC +2)
You are immune to poison.
You resist negative energy. (rN+)
You are resistant to electric shocks. (rElec)
You are resistant to unholy torment.
You are immune to petrification.


Message History

Bad channel name for runrest: 'Jiyva says: Divide and consume' Welcome, IndexError the Gargoyle Hunter.
Game seed: 1099031342628375395 (custom seed) Press ? for a list of commands and other information.
Found a staircase leading out of the dungeon.
A bat comes into view.
You shoot an arrow. The arrow hits the bat.
No target in view!
No target in view!
A kobold comes into view. It is wielding a +0 club.
The kobold shouts!
Found a stone staircase leading down.
You shoot an arrow. The arrow barely misses the kobold.
You shoot an arrow. The arrow closely misses the kobold.
You shoot an arrow. The arrow hits the kobold.
No target in view!
No target in view!
Found a faded altar of an unknown god.
There is a faded altar of an unknown god here.
You cannot tell which god this altar belongs to.
Convert to them anyway?
Zin accepts your prayer! Zin welcomes you!
You can now donate money to Zin.
You can now recite Zin's Axioms of Law.
Are you sure you want to abandon this character and quit the game? (Confirm with "yes".)

#...... ..# #.....
..# ### ###.... ...
... #.....#
#.##.##### #.....#
#........
#.....######!#....##.
###.)........#.......
#..........#?......
#..........@.......
#..........###..###
#............. .!.
#.............. .
##.#######.###[. #.#
#... . #.# #... #.#
#.. #.#


There were no monsters in sight!

Vanquished Creatures
  A bat (D:1)
  A kobold (D:1)
2 creatures vanquished.

Notes
Turn   | Place    | Note
-------+----------+-------------------------------------------
     0 | D:1      | IndexError the Gargoyle Hunter began the quest for the Orb.
     0 | D:1      | Reached XP level 1. HP: 12/12 MP: 1/1
    76 | D:1      | Found a faded altar of an unknown god.
    85 | D:1      | Prayed at the altar of an unknown god.
    85 | D:1      | Became a worshipper of Zin the Law-Giver
    85 | D:1      | Reached * piety under Zin
    86 | D:1      | Quit the game

Illustrated notes

Levels and vault maps discovered:
D:1:      minmay_arrival_radiant_lines, layout_basic, serial_shops, shop,
          nicolae_shop_bloodbath_and_beyond, hellmonk_ecumenical_altar_lost_god

Action                   || total
-------------------------++-------
 Fire: Shortbow          ||     4

Table legend: (Time is in decaauts)
 A = Elapsed time spent in this place.
 B = Non-inter-level travel time spent in this place.
 C = Inter-level travel time spent in this place.
 D = Time resting spent in this place.
 E = Time spent auto-exploring this place.
 F = Levels seen in this place.
 G = Mean time per level.
                   A        B        C        D        E       F      G
               +--------+--------+--------+--------+--------+-----+--------+
         Total |     87 |     87 |      0 |      0 |      0 |   1 |   87.0 |
       Dungeon |     87 |     87 |      0 |      0 |      0 |   1 |   87.0 |
               +--------+--------+--------+--------+--------+-----+--------+

Top non-repeatable levels by time:
     D:1: 87 daAuts

Table legend:
 A = Kills in this place as a percentage of kills in entire the game.
 B = Kills by you in this place as a percentage of kills by you in the entire game.
 C = Kills by friends in this place as a percentage of kills by friends in the entire game.
 D = Other kills in this place as a percentage of other kills in the entire game.
 E = Experience gained in this place as a percentage of experience gained in the entire game.
 F = Experience gained in this place divided by the number of levels of this place that you have seen.
                   A       B       C       D       E      F
               +-------+-------+-------+-------+-------+----------------------
         Total | 100.0 | 100.0 |   N/A |   N/A | 100.0 |   2.0
       Dungeon | 100.0 | 100.0 |   N/A |   N/A | 100.0 |   2.0
               +-------+-------+-------+-------+-------+----------------------
